 Dungeon Crawl Stone Soup version 0.30-a0-672-gc3a7216ad8 (webtiles) character file.

Game seed: 9083361983429961642

3605 wormed the Transmogrifier (level 10, -2/78 HPs)
             Began as an Octopode Transmuter on Jan 19, 2023.
             Was an Initiate of Gozag.
             Slain by a hornet (7 damage)
             ... on level 8 of the Dungeon.
             The game lasted 00:07:06 (7676 turns).

wormed the Transmogrifier (Octopode Transmuter)     Turns: 7676, Time: 00:07:07

Health: -2/78      AC:  8    Str: 10    XL:     10   Next: 10%
Magic:  18/19      EV: 11    Int: 19    God:    Gozag
Gold:   277        SH:  0    Dex: 13    Spells: 14/21 levels left

rFire   x . .      SeeInvis .      - Unarmed
rCold   + + +      Faith    .    (shield currently unavailable)
rNeg    + . .      Spirit   .    (helmet currently unavailable)
rPois   +          Reflect  .    (no amulet)
rElec   .          Harm     .    s - ring of positive energy
rCorr   .          Rampage  .    (no ring)
Will    .....                    (no ring)
Stlth   +                        (no ring)
HPRegen 0.33/turn                (no ring)
MPRegen 0.16/turn                (no ring)
                                 (no ring)
                                 (no ring)

@: ice-form
A: freezing attack, boosted hp, almost no armour, amphibious, 8 rings, large,
(camouflage 1), (gelatinous body 1), (nimble swimmer 1), (tentacles)
a: End Transformation, Renounce Religion, Potion Petition, Call Merchant, Bribe
Branch


You were on level 8 of the Dungeon.
You worshipped Gozag.
Gozag was aware of your devotion.
You were a creature of crystalline ice.
You visited 2 branches of the dungeon, and saw 9 of its levels.

You collected 1191 gold pieces.
You spent 30 gold pieces at shops.
You paid 884 gold pieces to Gozag.

Inventory:

Jewellery
 e - an amulet of reflection
 s - a ring of positive energy (left front paw)
Wands
 i - a wand of light (14) (quivered)
 j - a wand of iceblast (2)
 p - a wand of flame (18)
Scrolls
 l - a scroll of enchant weapon {unknown}
 m - 3 scrolls of blinking
 n - 2 scrolls of fog {unknown}
 o - a scroll of vulnerability {unknown}
 r - 4 scrolls of identify
 t - a scroll of teleportation {unknown}
 u - a scroll of poison {unknown}
 v - 2 scrolls of magic mapping {unknown}
Potions
 a - a potion of might
 b - 3 potions of brilliance
 c - a potion of mutation
 f - a potion of magic
 g - a potion of haste
 h - 5 potions of curing {unknown}
 k - a potion of degeneration {unknown}
 q - a potion of cancellation {unknown}


   Skills:
 + Level 4.4 Fighting
 + Level 4.6 Dodging
 + Level 5.2 Unarmed Combat
 + Level 6.1 Spellcasting
 * Level 9.5 Transmutations
 - Level 4.0 Ice Magic


You had 14 spell levels left.
You knew the following spells:

 Your Spells              Type           Power      Damage    Failure   Level
a - Ice Form              Ice/Tmut       31%        N/A       7%          4
b - Wereblood             Tmut           41%        N/A       1%          2
z - Beastly Appendage     Tmut           82%        N/A       1%          1

Your spell library contained the following spells:

 Spells                   Type           Power      Damage    Failure   Level
 Passwall                 Tmut/Erth      19%        N/A       2%          2
 Spider Form              Tmut/Pois      23%        N/A       4%          3
 Blade Hands              Tmut           20%        N/A       6%          5
 Sandblast                Erth           10%        2d5       11%         1
 Portal Projectile        Hex/Tloc       10%        N/A       32%         3
 Stone Arrow              Conj/Erth      10%        3d7       32%         3
 Tukima's Dance           Hex            5%         N/A       32%         3


Dungeon Overview and Level Annotations

Branches:
Dungeon (8/15)             Temple (1/1) D:6
   Lair: D:8-11

Altars:
Ashenzari
Cheibriados
Elyvilon
Fedhas
Gozag
Hepliaklqana
Kikubaaqudgha
Okawaru
Qazlal
Ru
Sif Muna
Trog
Uskayaw
Vehumet
Xom
Yredelemnul
Zin
The Shining One

Shops:
D:4 *   D:6 =

Annotations:
D:7 1 runed translucent door, Crazy Yiuf


Innate Abilities, Weirdness & Mutations

You are a creature of crystalline ice.
You have a powerful freezing melee attack.
Your maximum health is increased.
Your armour is entirely melded.
You are incapable of wielding weapons or throwing items.
You cannot wear most types of armour.
You are amphibious.
You can wear up to eight rings at the same time.
((Your skin changes colour to match your surroundings (Stealth+).))
((Your rubbery body absorbs attacks. (AC +1, EV +1)))
((You are camouflaged when in or above water. (Stealth+)))
((You have tentacles for arms and can constrict up to eight enemies at once.))


Message History

A hornet comes into view.
Aiming: Bolt of Light
Press: ? - help, Q - select action, (/) - cycle Shift-Dir - straight line, f - hornet
Aim: a hornet (wandering, hasn't noticed you, 57% to hit)
The bolt of light hits the hornet!
The hornet is moderately wounded.
The hornet buzzes angrily.
The hornet is blinded.
The hornet stings you!
* * * LOW HITPOINT WARNING * * *
Aiming: Bolt of Light
Press: ? - help, Q - select action, (/) - cycle Shift-Dir - straight line, f/p - hornet
Aim: a hornet (moderately wounded, blind, 57% to hit)
The bolt of light hits the hornet!
The hornet is severely wounded.
The hornet stings you!
* * * LOW HITPOINT WARNING * * *
You feel yourself slow down.
You hit the hornet but do no damage.
The hornet is heavily wounded.
The hornet misses you. The hornet closely misses you.
You closely miss the hornet.
The hornet is heavily wounded.
The hornet closely misses you. x2; The hornet stings you.
* * * LOW HITPOINT WARNING * * *
You barely miss the hornet.
The hornet is heavily wounded.
You feel yourself speed up. The hornet barely misses you.
The hornet misses you.
You hit the hornet but do no damage.
The hornet is heavily wounded.
The hornet barely misses you.
Aiming: Bolt of Light
Press: ? - help, Q - select action, (/) - cycle Shift-Dir - straight line, f/p - hornet
Aim: a hornet (heavily wounded, blind, 57% to hit)
The bolt of light hits the hornet!
The hornet is almost dead.
The hornet stings you!
You die...
Your body crumbles into a pile of gold.

#......... #.........
#......... #.........
#......... #.........
###### #.........
####....#########.........
...!....yY......'.........
........#########.........
........# #.........
.......=# ##########
........# #. # .........
#.#### .........$ #.....
......... #.#.#.
.......... #.#...


You could see a hornet (blind).

Vanquished Creatures
  Pikel (D:4)
  Grinder (D:4)
  A hornet (D:5)
  Sigmund (D:3)
  3 steam dragons
  Menkaure (D:5)
  An orc warrior (D:6)
  A sky beast (D:6)
  A black bear (D:6)
  An ogre (D:5)
  A centaur (D:8)
  2 phantoms (D:5)
  A kobold brigand (D:6)
  Blork the orc (D:4)
  4 bullfrogs
  2 necrophages (D:7)
  7 scorpions
  2 howler monkeys
  2 hounds (D:5)
  5 jellies
  5 iguanas
  Ijyb (D:5)
  An orc wizard (D:7)
  4 gnolls (D:4)
  2 adders
  2 white imps (D:7)
  7 worms
  8 orcs
  6 endoplasms
  3 giant cockroaches
  6 goblins
  5 hobgoblins
  6 jackals
  4 quokkas
  6 ball pythons
  9 bats
  5 frilled lizards
  9 kobolds
  8 rats
136 creatures vanquished.

Notes
Turn   | Place    | Note
-------+----------+-------------------------------------------
     0 | D:1      | wormed the Octopode Transmuter began the quest for the Orb.
     0 | D:1      | Reached XP level 1. HP: 13/13 MP: 3/3
   282 | D:1      | Reached XP level 2. HP: 16/18 MP: 3/5
   430 | D:1      | Found a faded altar of an unknown god.
   745 | D:1      | Learned a level 2 spell: Wereblood
   888 | D:2      | Reached XP level 3. HP: 22/23 MP: 6/6
   899 | D:2      | Reached skill level 1 in Ice Magic
  1273 | D:2      | Reached skill level 3 in Transmutations
  2343 | D:3      | Found a stormy altar of Qazlal.
  2347 | D:3      | Found a blossoming altar of Fedhas.
  2386 | D:3      | Reached XP level 4. HP: 18/28 MP: 3/7
  2710 | D:3      | Noticed Sigmund
  2716 | D:3      | Killed Sigmund
  2717 | D:3      | Reached skill level 4 in Transmutations
  2717 | D:3      | Reached XP level 5. HP: 33/33 MP: 9/9
  2717 | D:3      | Reached XP level 6. HP: 38/38 MP: 10/10
  2777 | D:3      | Learned a level 4 spell: Ice Form
  3266 | D:4      | Noticed Grinder
  3268 | D:4      | Paralysed by Grinder for 2 turns
  3278 | D:4      | Killed Grinder
  3279 | D:4      | Reached skill level 5 in Transmutations
  3279 | D:4      | Reached XP level 7. HP: 24/43 MP: 10/12
  3457 | D:4      | Noticed Blork the orc
  3584 | D:4      | Found Pootzaib's Assorted Antiques.
  3590 | D:4      | Bought a scroll labelled RIENUX JIBI for 30 gold pieces
  3590 | D:4      | Identified a scroll of acquirement
  3590 | D:4      | Acquired 605 gold pieces
  3603 | D:4      | Noticed Pikel
  3611 | D:4      | Killed Pikel
  3612 | D:4      | Reached skill level 7 in Transmutations
  3612 | D:4      | Reached XP level 8. HP: 47/48 MP: 3/15
  3717 | D:4      | Killed Blork the orc
  3768 | D:4      | Found a hide-covered altar of Uskayaw.
  4064 | D:5      | Entered Level 5 of the Dungeon
  4079 | D:5      | Noticed Ijyb
  4105 | D:5      | Killed Ijyb
  4377 | D:5      | Noticed a hornet
  4391 | D:5      | Killed a hornet
  4392 | D:5      | Reached skill level 5 in Spellcasting
  4408 | D:5      | Noticed Menkaure
  4420 | D:5      | Killed Menkaure
  4421 | D:5      | Reached XP level 9. HP: 23/55 MP: 16/16
  4551 | D:5      | Reached skill level 8 in Transmutations
  4666 | D:5      | Found an iron altar of Okawaru.
  5796 | D:6      | Found a staircase to the Ecumenical Temple.
  5880 | Temple   | Entered the Ecumenical Temple
  5993 | Temple   | Became a worshipper of Gozag Ym Sagoz the Greedy
  6447 | D:7      | Found a white marble altar of Elyvilon.
  6862 | D:7      | Reached skill level 9 in Transmutations
  6913 | D:7      | Reached skill level 5 in Unarmed Combat
  7144 | D:7      | Found a runed translucent door.
  7145 | D:7      | Noticed Crazy Yiuf
  7524 | D:8      | Reached XP level 10. HP: 64/64 MP: 13/19
  7676 | D:8      | Slain by a hornet

Illustrated notes

Levels and vault maps discovered:
D:1:      spicycebolla_green_bress_n_ham_2, layout_loops_ring,
          ebering_ecumenical_altar_box
D:2:      minmay_chambers_of_ones, layout_basic, uniq_terence
D:3:      layout_basic, grunt_temple_overflow_forces_of_nature, uniq_sigmund
D:4:      layout_gridville, mainiacjoe_overflow_small_starburst, serial_shops,
          nicolae_shop_trees, nicolae_wormholes, uniq_grinder, uniq_pikel,
          uniq_blork_the_orc
D:5:      layout_loops_ring, amcnicky_altar_gilded, minmay_misc_feat_diagonals,
          chequers_serial_rivers_small_b, chequers_serial_rivers_micro_b,
          uniq_menkaure, uniq_ijyb
D:6:      layout_rooms, minmay_temple_entry_nine_rooms
D:7:      layout_loops_ring, elyvilon_altar_1, minmay_between,
          uniq_crazy_yiuf_cottage
D:8:      layout_basic, mainiacjoe_overflow_six_doors_small, uniq_maurice
Temple:   hellmonk_temple_forest_ring

Skill      XL: |  1  2  3  4  5  6  7  8  9 |
---------------+----------------------------+-----
Ice Magic      | 1 2 3 4 |  4.0
Transmutations | 3 4 5 7 9 |  9.5
Spellcasting   | 3 4 5 6 |  6.1
Fighting       | 2 4 |  4.4
Dodging        | 3 4 |  4.6
Unarmed Combat | 5 |  5.2

Action                   |  1- 3 |  4- 6 |  7- 9 | 10-12 || total
-------------------------+-------+-------+-------+-------++-------
Melee: Unarmed           |    88 |    51 |   228 |    14 ||   381
       Constrict         |    26 |     6 |     2 |       ||    34
       Tentacles         |    15 |     3 |       |       ||    18
       Kick              |    22 |     7 |       |       ||    29
       Punch             |     2 |     1 |       |       ||     3
 Cast: Beastly Appendage |    33 |     3 |       |       ||    36
       Wereblood         |    10 |     3 |    25 |     1 ||    39
       Ice Form          |       |     6 |    32 |     2 ||    40
Invok: Call Merchant     |       |       |     1 |       ||     1
Evoke: Wand              |       |     3 |     3 |     3 ||     9
  Use: Scroll            |     5 |       |     4 |       ||     9
       Potion            |       |     1 |       |     1 ||     2
 Stab: Sleeping          |    12 |     1 |     1 |       ||    14
       Invisible         |       |       |     1 |       ||     1
Armor: Skin              |    14 |     9 |    72 |    11 ||   106
Dodge: Dodged            |    52 |    20 |    87 |    14 ||   173

Table legend: (Time is in decaauts)
 A = Elapsed time spent in this place.
 B = Non-inter-level travel time spent in this place.
 C = Inter-level travel time spent in this place.
 D = Time resting spent in this place.
 E = Time spent auto-exploring this place.
 F = Levels seen in this place.
 G = Mean time per level.
                   A        B        C        D        E       F      G
               +--------+--------+--------+--------+--------+-----+--------+
         Total |   7652 |   7321 |    331 |      0 |   6252 |   9 |  850.2 |
       Dungeon |   7527 |   7222 |    305 |      0 |   6165 |   8 |  940.9 |
        Temple |    124 |     98 |     26 |      0 |     87 |   1 |  124.0 |
               +--------+--------+--------+--------+--------+-----+--------+

Top non-repeatable levels by time:
     D:3: 1439 daAuts
     D:5: 1249 daAuts
     D:7: 1141 daAuts
     D:4: 1045 daAuts
     D:6: 870 daAuts
     D:2: 805 daAuts
     D:1: 764 daAuts
     D:8: 210 daAuts
  Temple: 124 daAuts
